 Seeded DCSS version 0.30.1-4-g462c640d31 (webtiles) character file.

Game seed: 6351066067085065685 (custom seed)

56 Esekla the Magician (level 3, -2/18 (19) HPs)
             Began as a Deep Elf Wanderer on Sept 14, 2023.
             Was a Follower of Vehumet.
             Slain by a gnoll
             ... wielding a +0 club
              (8 damage)
             ... on level 2 of the Dungeon.
             The game lasted 00:12:16 (1729 turns).

Esekla the Magician (Deep Elf Wanderer)             Turns: 1729, Time: 00:12:16

HP:   -2/18 (19)    AC:  4    Str: 11    XL:     3   Next: 69%
MP:   3/11          EV: 11    Int: 19    God:    Vehumet [*.....]
Gold: 180           SH:  4    Dex: 11    Spells: 5/12 levels left

rFire   . . .        a - +1 short sword (freeze)
rCold   . . .        d - +0 buckler
rNeg    . . .        c - +0 robe
rPois   .            l - +0 helmet
rElec   .            (no cloak)
rCorr   .            k - +0 pair of gloves
SInv    .            (no boots)
Will    .....        (no amulet)
Stlth   ++           (no ring)
HPRegen 0.23/turn    (no ring)
MPRegen 0.12/turn

%: no passive effects
@: very slightly contaminated, drained
A: no striking features
a: Renounce Religion


You were on level 2 of the Dungeon.
You worshipped Vehumet.
Vehumet was aware of your devotion.
You visited 1 branch of the dungeon, and saw 4 of its levels.

You collected 180 gold pieces.

Inventory:

Hand Weapons
 a - a +1 short sword of freezing (weapon)
 r - a +0 spear
Missiles
 p - 5 poisoned darts (quivered)
Armour
 c - a +0 robe (worn)
 d - a +0 buckler (worn)
 k - a +0 pair of gloves (worn)
 l - a +0 helmet (worn)
Wands
 u - a wand of roots (6)
Scrolls
 g - 3 scrolls of identify {unknown}
 n - a scroll of amnesia {unknown}
 o - a scroll of enchant armour {unknown}
 q - a scroll of fog {unknown}
 t - a scroll of blinking {unknown}
Potions
 b - a potion of lignification
 e - a potion of ambrosia {unknown}
 f - 2 potions of attraction {unknown}
 h - a potion of heal wounds {unknown}
 i - a potion of haste {unknown}
 j - 2 potions of curing {unknown}
 m - a potion of mutation {unknown}
 s - 2 potions of brilliance {unknown}


   Skills:
 + Level 0.2 Short Blades
 * Level 2.0 Dodging
 + Level 1.5 Stealth
 + Level 1.7 Shields
 * Level 5.4 Spellcasting
 + Level 0.2 Conjurations
 * Level 0.2 Necromancy
 + Level 2.3 Translocations
 + Level 1.0 Invocations


You had 5 spell levels left.
You knew the following spells:

 Your Spells              Type           Power      Damage    Failure   Level
a - Magic Dart            Conj           24%        1d4       16%         1
b - Blink                 Tloc           28%        N/A       10%         2
d - Vampiric Draining     Necr           5%         2d6       43%         3
p - Apportation           Tloc           28%        N/A       7%          1

Your spell library contained the following spells:

 Spells                   Type           Power      Damage    Failure   Level
 Kiss of Death            Conj/Necr      20%        2d7       16%         1
 Lesser Beckoning         Tloc           28%        N/A       10%         2
 Gell's Gravitas          Tloc           14%        N/A       21%         3
 Teleport Other           Tloc           14%        N/A       21%         3
 Ignite Poison            Fire/Tmut/Pois 5%         N/A       45%         3


Dungeon Overview and Level Annotations

Branches:
Dungeon (4/15)
 Temple: D:4-7

Altars:
Okawaru
Qazlal
Vehumet
Zin

Shops:
D:2 =


Message History

The magic dart hits the gnoll.
The gnoll is moderately wounded.
Casting: Magic Dart (safe; 16% risk of failure)
Confirm with . or Enter, or press ? or * to list all spells.
Aiming: Magic Dart (safe; 16% risk of failure)
Press: ? - help, Shift-Dir - straight line, f/p - gnoll
Aim: a gnoll, wielding a +0 club (moderately wounded, 100% to hit)
You miscast Magic Dart.
You are very lightly contaminated with residual magic.
Nothing appears to happen.
You barely miss the gnoll.
The gnoll is moderately wounded.
You block the gnoll's attack.
You closely miss the gnoll.
The gnoll is moderately wounded.
The gnoll hits you but does no damage.
The black bear growls angrily.
You hear a shout!
Your magical contamination has completely faded away.
You hit the gnoll. You freeze the gnoll.
The gnoll is severely wounded.
The gnoll hits you but does no damage.
You hit the gnoll. You freeze the gnoll.
The gnoll is almost dead.
The gnoll hits you but does no damage.
You closely miss the gnoll.
The gnoll is almost dead.
The gnoll hits you with a +0 club.
Casting: Magic Dart (safe; 16% risk of failure)
Confirm with . or Enter, or press ? or * to list all spells.
The spell is astonishingly dangerous to miscast (43% risk of failure)!
Continue anyway?
Aiming: Vampiric Draining (astonishingly dangerous; 43% risk of failure)
Press: ? - help, Shift-Dir - straight line, f/p - gnoll
Aim: a gnoll, wielding a +0 club (almost dead)
You miscast Vampiric Draining.
You are very lightly contaminated with residual magic.
Flickering shadows surround you!
You feel drained.
Ouch! That really hurt!
* * * LOW HITPOINT WARNING * * *
The gnoll hits you with a +0 club!
You die...

##.............#.....#..# #)#
##.####..#######.####...#######.#
..รท......# #.# ##..........#
##.####..# #.# #.##########
#.##....## #.# #.#
##.##<....######.#####.#
...####^#..............# ####
#.#..#####.####### #.#..# #@#
#.#..# #g# #######....#####h##
................g.#
#######.#..g####..# #.##........#
.##.g#####.# .##..#####.###
######.##<.........#


You could see a black bear and 2 gnolls.

Vanquished Creatures
  2 adders (D:2)
  A dart slug (D:1)
  5 ball pythons (D:1)
  4 endoplasms
  7 goblins
  3 hobgoblins
  A quokka (D:1)
  3 bats
  3 frilled lizards
  4 kobolds
  A rat (D:2)
34 creatures vanquished.

Notes
Turn   | Place    | Note
-------+----------+-------------------------------------------
     0 | D:1      | Esekla the Deep Elf Wanderer began the quest for the Orb.
     0 | D:1      | Esekla set off with the following items: a +0 club, a
                  | potion of lignification, a +0 robe, a +0 buckler; and the
                  | following spells available to memorise: Apportation, Blink,
                  | Lesser Beckoning, Magic Dart, Ignite Poison, Vampiric
                  | Draining.
     0 | D:1      | Reached XP level 1. HP: 10/10 MP: 7/7
     2 | D:1      | Learned a level 1 spell: Apportation
     4 | D:1      | Learned a level 1 spell: Magic Dart
   265 | D:2      | Found Renulab's Jewellery Shop.
   501 | D:4      | Found a radiant altar of Vehumet.
   531 | D:4      | Found an iron altar of Okawaru.
   539 | D:4      | Found a glowing silver altar of Zin.
   627 | D:4      | Became a worshipper of Vehumet
   776 | D:3      | Reached XP level 2. HP: 15/15 MP: 6/9
   779 | D:3      | Learned a level 2 spell: Blink
   972 | D:2      | Reached skill level 1 in Dodging
  1019 | D:3      | Found a stormy altar of Qazlal.
  1124 | D:2      | Noticed a black bear
  1140 | D:2      | Found a faded altar of an unknown god.
  1301 | D:1      | Reached skill level 5 in Spellcasting
  1303 | D:1      | Reached XP level 3. HP: 19/19 MP: 6/11
  1307 | D:1      | Learned a level 3 spell: Vampiric Draining
  1385 | D:1      | Reached * piety under Vehumet
  1385 | D:1      | Offered knowledge of Kiss of Death by Vehumet.
  1729 | D:2      | Slain by a gnoll

Illustrated notes

Levels and vault maps discovered:
D:1:      sevenhm_arrival_forest_fort_small_3, layout_rooms,
          chequers_serial_rivers_room_b, minmay_misc_feat_five
D:2:      layout_loops_ring, dreamdust_ecumenical_altar_angels_and_demons,
          serial_shops, shop
D:3:      layout_basic, grunt_temple_overflow_open, minmay_misc_feat_iff
D:4:      layout_basic, nicolae_overflow_quartered_altars, serial_shops,
          nicolae_diamond_shop

Skill      XL: |  1  2  3 |
---------------+----------+-----
Dodging        | 1 2 |  2.0
Spellcasting   | 5 |  5.4
Short Blades   | |  0.2
Stealth        | |  1.5
Shields        | |  1.7
Conjurations   | |  0.2
Necromancy     | |  0.2
Translocations | |  2.3
Invocations    | |  1.0

Action                     || total
---------------------------++-------
  Melee: Short sword       ||    74
  Throw: Dart              ||     4
   Cast: Apportation       ||    24
         Magic Dart        ||    39
         Blink             ||     3
         Vampiric Draining ||     1
    Use: Scroll            ||     1
   Stab: Sleeping          ||     1
 Armour: Robe              ||    30
  Dodge: Dodged            ||    52
  Block: Buckler           ||    18
